 Dungeon Crawl Stone Soup version 0.24-a0-479-g9a978d2894 (webtiles) character file.

Game seed: 13682303940656080390

404 Bapho the Magician (level 6, -2/37 HPs)
             Began as a Deep Elf Wizard on July 7, 2019.
             Slain by an orc
             ... wielding a +0 hand axe
              (3 damage)
             ... on level 4 of the Dungeon.
             The game lasted 00:14:48 (5408 turns).

Bapho the Magician (Deep Elf Wizard)                Turns: 5408, Time: 00:14:49

Health: -2/37      AC:  3    Str:  6    XL:     6   Next: 56%
Magic:  1/16       EV: 14    Int: 25    God:
Gold:   196        SH:  0    Dex: 13    Spells: 3/16 levels left

rFire    . . .     SeeInvis .   m - +3 mace
rCold    . . .     Gourm    .   (no shield)
rNeg     . . .     Faith    .   q - +0 robe
rPois    .         Spirit   .   b - +0 hat
rElec    .         Reflect  .   (no cloak)
rCorr    .         Harm     .   o - +0 pair of gloves
MR       .....                  (no boots)
Stlth    ++........             (no amulet)
HPRegen  0.12/turn              p - +2 ring of strength
MPRegen  0.15/turn              (no ring)

@: flying, hasted, very quick
A: no striking features
a: no special abilities


You were on level 4 of the Dungeon.
You were not hungry.

You visited 1 branch of the dungeon, and saw 4 of its levels.

You collected 196 gold pieces.

Inventory:

Hand Weapons
 e - a +0 club
 i - a +0 hand axe
 m - a +3 mace (weapon)
Armour
 b - a +0 hat (worn)
 o - a +0 pair of gloves (worn)
 q - a +0 robe (worn)
 r - a +0 robe
Jewellery
 p - a +2 ring of strength (left hand)
Wands
 s - a wand of random effects (16)
Scrolls
 c - 3 scrolls of teleportation {unknown}
 f - 2 scrolls of remove curse {unknown}
 h - a scroll of blinking {unknown}
 j - 4 scrolls of identify {unknown}
 u - a scroll of magic mapping {unknown}
Potions
 g - a potion of heal wounds {unknown}
 k - 2 potions of haste
 l - a potion of flight
 n - 2 potions of agility
 t - a potion of curing {unknown}
Comestibles
 a - 2 chunks of flesh
 d - 5 rations


   Skills:
 + Level 3.0 Fighting
 + Level 5.2 Dodging
 - Level 2.4 Stealth
 - Level 5.8 Spellcasting
 - Level 2.8 Conjurations
 - Level 1.1 Summonings
 - Level 1.1 Translocations


You had 3 spell levels left.
You knew the following spells:

 Your Spells              Type           Power        Failure   Level  Hunger
a - Magic Dart            Conj           ###.         2%          1    None
b - Blink                 Tloc           N/A          8%          2    None
c - Call Imp              Summ           ##......     8%          2    None
d - Slow                  Hex            #.......     12%         2    None
e - Conjure Flame         Conj/Fire      ##......     13%         3    #......
f - Mephitic Cloud        Conj/Pois/Air  ##......     16%         3    #......

Your spell library contained the following spells:

 Spells                   Type           Power        Failure   Level  Hunger


Dungeon Overview and Level Annotations

Branches:
Dungeon (4/15)
 Temple: D:4-7

Altars:
Dithmenos
Xom


Message History

You hit the orc but do no damage.
The orc is severely wounded.
The orc hits you. The orc barely misses you.
You barely miss the orc.
The orc is severely wounded.
The orc hits you. The orc barely misses you. x2
You closely miss the orc.
The orc is heavily wounded.
The orc hits you with a +0 hand axe.
* * * LOW HITPOINT WARNING * * *
The orc hits you.
* * * LOW HITPOINT WARNING * * *
The orc hits you with a +0 hand axe.
* * * LOW HITPOINT WARNING * * *
It was a potion of haste.
You feel yourself speed up. The orc hits you.
* * * LOW HITPOINT WARNING * * *
It was a potion of flight.
You feel very buoyant.
You fly up into the air.
The orc hits you with a +0 hand axe.
You die...

#. ...........# #.
?..........# #.
........... ##
.......... #.
....).. #. ..o. #.
#o###############.
#@o.†.............
#################.
#. #. ##


You could see 3 orcs.

Vanquished Creatures
  An ogre (D:4)
  A hound (D:4)
  2 orc priests (D:3)
  2 orc wizards
  An iguana (D:4)
  6 adders
  2 oozes
  3 worms
  2 dart slugs
  2 leopard geckos
  12 orcs
  2 giant cockroaches
  3 hobgoblins
  4 jackals (D:4)
  7 kobolds
  5 quokkas
  5 bats
  5 frilled lizards
  6 goblins
  A quokka skeleton (D:4)
  4 rats
76 creatures vanquished.

Vanquished Creatures (collateral kills)
  3 orcs
3 creatures vanquished.

Grand Total: 79 creatures vanquished

Notes
Turn   | Place    | Note
-------+----------+-------------------------------------------
     0 | D:1      | Bapho the Deep Elf Wizard began the quest for the Orb.
     0 | D:1      | Reached XP level 1. HP: 10/10 MP: 7/7
   459 | D:1      | Reached XP level 2. HP: 15/15 MP: 6/9
   979 | D:1      | Learned a level 2 spell: Blink
   982 | D:1      | Learned a level 2 spell: Call Imp
   985 | D:1      | Learned a level 2 spell: Slow
  1054 | D:1      | Reached skill level 5 in Spellcasting
  1613 | D:2      | Reached XP level 3. HP: 19/19 MP: 4/11
  1618 | D:2      | Learned a level 3 spell: Conjure Flame
  2309 | D:2      | Found a shimmering altar of Xom.
  2502 | D:3      | Learned a level 3 spell: Mephitic Cloud
  3269 | D:3      | Reached XP level 4. HP: 24/24 MP: 3/13
  3366 | D:3      | Reached skill level 1 in Fighting
  3543 | D:3      | Reached XP level 5. HP: 21/29 MP: 4/15
  4702 | D:4      | Reached XP level 6. HP: 29/36 MP: 6/16
  4871 | D:4      | Reached skill level 5 in Dodging
  5088 | D:4      | Found a shadowy altar of Dithmenos.
  5407 | D:4      | HP: 1/37 [orc (3)]
  5408 | D:4      | Slain by an orc

Levels and vault maps discovered:
D:1:      matt_arrival_diagonals, layout_loops_corners, minivault_26
D:2:      layout_basic, lemuel_coloured_pillars_altar, kennysheep_nondescript
D:3:      layout_loops_ring, first_ration, grunt_decor_clamped,
          chequers_serial_rivers_micro_a
D:4:      layout_basic, nicolae_dithmenos_shadow_blocks

Skill      XL: |  1  2  3  4  5  6 |
---------------+-------------------+-----
Conjurations   | 2 |  2.8
Spellcasting   | 5 |  5.8
Dodging        | 3 4 5 |  5.2
Fighting       | 1 2 3 |  3.0
Stealth        | |  2.4
Summonings     | |  1.1
Translocations | |  1.1

Action                   |  1- 3 |  4- 6 || total
-------------------------+-------+-------++-------
Melee: Club              |     5 |       ||     5
       Mace              |       |    18 ||    18
 Cast: Magic Dart        |    74 |   141 ||   215
       Call Imp          |     4 |     5 ||     9
       Blink             |     2 |       ||     2
       Mephitic Cloud    |       |     4 ||     4
       Conjure Flame     |       |     1 ||     1
  Use: Potion            |       |     2 ||     2
 Stab: Confused          |       |     1 ||     1
  Eat: Chunk             |     3 |     7 ||    10
       Ration            |     1 |       ||     1
Armor: Robe              |     1 |     7 ||     8
Dodge: Dodged            |    16 |    42 ||    58

Table legend:
 A = Non-vault XP
 B = Vault XP
 C = Vault XP percentage of total XP
 D = Non-vault monster count
 E = Vault monster count
 F = Vault count percentage of total count
                 A         B        C        D         E       F
            +---------+---------+-------+---------+---------+-------
      Total |     578 |       0 |   0.0 |      79 |       0 |   0.0
            +---------+---------+-------+---------+---------+-------
        D:1 |      24 |       0 |   0.0 |      10 |       0 |   0.0
        D:2 |      69 |       0 |   0.0 |      17 |       0 |   0.0
        D:3 |     228 |       0 |   0.0 |      36 |       0 |   0.0
        D:4 |     257 |       0 |   0.0 |      16 |       0 |   0.0
            +---------+---------+-------+---------+---------+-------
